 Dungeon Crawl Stone Soup version 0.18.1-50-g88ac8fd (webtiles) character file.

4046 sleepydude the Protected (level 10, -6/94 HPs)
             Began as a Deep Dwarf Fighter on Oct 8, 2016.
             Was an Elder of Makhleb.
             Mangled by a hill giant
             ... wielding a cursed -2 giant club
              (28 damage)
             ... on level 8 of the Dungeon.
             The game lasted 00:35:08 (8717 turns).

sleepydude the Protected (Deep Dwarf Fighter)       Turns: 8717, Time: 00:35:09

Health: -6/94      AC: 18    Str: 21    XL:     10   Next: 4%
Magic:  16/16      EV:  5    Int:  9    God:    Makhleb [****..]
Gold:   355        SH: 12    Dex: 14    Spells: 0 memorised, 9 levels left

rFire  . . .     SeeInvis .     r - +2 whip (pain)
rCold  . . .     Gourm    .     i - +0 plate armour
rNeg   . . .     Faith    +     c - +1 shield
rPois  .         Spirit   .     (no helmet)
rElec  .         Dismiss  .     h - +2 cloak
rCorr  .         Reflect  .     G - +0 pair of gloves
SustAt .         Harm     .     (no boots)
MR     +....                    F - amulet of faith
Stlth  ..........               o - ring of magical power
                                l - ring of wizardry

@: non-regenerating, somewhat resistant to hostile enchantments, extremely
unstealthy
A: damage resistance, recharge devices, sense surroundings 2, slow regeneration
3
a: Device Recharging, Minor Destruction, Lesser Servant of Makhleb, Major
Destruction, Renounce Religion


You were on level 8 of the Dungeon.
You worshipped Makhleb.
Makhleb was greatly pleased with you.
You were not hungry.

You visited 2 branches of the dungeon, and saw 9 of its levels.

You collected 355 gold pieces.

Inventory:

Hand Weapons
 a - a +0 flail
 r - a +2 whip of pain (weapon)
 A - a +0 whip of flaming
Armour
 c - a +1 shield (worn)
 h - a +2 cloak (worn)
 i - a +0 plate armour (worn)
 j - the +3 scale mail of Refuge {Int+4}
   (You found it on level 4 of the Dungeon)

   It affects your intelligence (+4).
 G - a +0 pair of gloves (worn)
Jewellery
 l - a ring of wizardry (left hand)
 o - a ring of magical power (right hand)
 C - a +2 ring of intelligence
 F - an amulet of faith (around neck)
Wands
 e - a wand of heal wounds (4/9)
 B - a wand of paralysis (9/24)
Scrolls
 g - 3 scrolls of remove curse
 m - a scroll of recharging {unknown}
 q - 2 scrolls of identify
 y - a scroll of enchant armour
 z - a scroll of fear
Potions
 b - 3 potions of mutation {unknown}
 d - 3 potions of might
 k - 6 potions of flight {unknown}
 s - 9 potions of curing {unknown}
 t - a potion of cancellation {unknown}
 v - a potion of heal wounds {unknown}
 w - a potion of haste {unknown}
 x - a potion of berserk rage {unknown}
Books
 u - a book of Transfigurations

   Spells                             Type                      Level
   a - Irradiate                      Conjuration/Transmutation    5
   b - Statue Form                    Transmutation/Earth          6
   c - Hydra Form                     Transmutation                6
   d - Dragon Form                    Transmutation                7
Comestibles
 f - 7 bread rations
 n - 8 beef jerkies
 p - 4 meat rations
 D - 2 fruits


   Skills:
 + Level 7.2 Fighting
 + Level 7.4 Maces & Flails
 + Level 8.7 Armour
 + Level 8.7 Shields


You had 9 spell levels left.
You didn't know any spells.

Dungeon Overview and Level Annotations

Branches:
Dungeon (8/15)             Temple (1/1) D:4
   Lair: D:8-11

Altars:
Ashenzari
Cheibriados
Dithmenos
Elyvilon
Fedhas
Gozag
Kikubaaqudgha
Makhleb
Nemelex Xobeh
Okawaru
Pakellas
Qazlal
Ru
Sif Muna
Trog
Vehumet
Xom
Zin
The Shining One

Shops:
D:4 !*(


Innate Abilities, Weirdness & Mutations

You are resistant to damage.
You can recharge devices by infusing magical energy.
You passively map the area around you.
You do not regenerate naturally.


Message History

You hit the hill giant but do no damage.
The hill giant is heavily wounded.
You hit the hill giant but do no damage.
The hill giant is heavily wounded.
The hill giant hits you with a giant club.
You hit the hill giant.
The hill giant is severely wounded.
You hit the hill giant.
The hill giant is severely wounded.
The hill giant barely misses you.
You hit the hill giant.
The hill giant is severely wounded.
The hill giant hits you with a giant club!!
* * * LOW HITPOINT WARNING * * *
You hit the hill giant.
The hill giant is severely wounded.
You hit the hill giant but do no damage.
The hill giant is severely wounded.
The hill giant hits you with a giant club!!
You die...

, ,* ,, , * ,
,,, , ,,, * ,
,, * , , ,,, ,
,, , *
######+######
, , * ,
#>....[....>#,
*, , ,
#...........#
* * ,
#<....O....<#
, , *
,######C######
,* #....@....#
*, * *
##.......##, *
, , ,
#.......#, ,
** ,##.....##
, * , #.....#
, , *,
##.[.##, , ,
,#...# , ##.##
* ,* , , , #<#
,* ,


You could see a hill giant and an ogre.

Vanquished Creatures
  Joseph (D:7)
  Pikel (D:7)
  2 orc warriors (D:7)
  2 phantoms
  A sky beast (D:5)
  5 ogres
  An ice beast (D:5)
  4 centaurs
  5 giant frogs
  2 big kobolds (D:7)
  2 gnoll sergeants (D:7)
  A scorpion (D:5)
  A howler monkey (D:4)
  2 centaur zombies
  2 crimson imps
  6 hounds
  3 jellies
  A giant frog skeleton (D:5)
  A gnoll shaman (D:4)
  Crazy Yiuf (D:7)
  2 centaur skeletons
  4 orc priests
  An iguana (D:6)
  7 orc wizards
  2 worker ants
  10 adders
  19 gnolls
  An ooze (D:4)
  An adder skeleton (D:5)
  An adder zombie (D:6)
  A worm (D:2)
  A dart slug (D:2)
  8 giant geckos
  12 orcs
  6 giant cockroaches
  4 goblins
  11 hobgoblins
  8 jackals
  2 quokkas
  A ball python (D:1)
  12 bats
  3 giant newts
  A jackal zombie (D:5)
  19 kobolds
  7 rats
188 creatures vanquished.

Vanquished Creatures (collateral kills)
  A hound (D:7)
  A gnoll shaman (D:7)
  A gnoll (D:7)
3 creatures vanquished.

Vanquished Creatures (others)
  3 slaves (D:7)
  A big kobold (D:7)
  A hound (D:7)
  A shadow imp (D:7)
  An orc (D:7)
  A giant cockroach (D:7)
  2 kobolds (D:7)
10 creatures vanquished.

Grand Total: 201 creatures vanquished

Notes
Turn   | Place    | Note
--------------------------------------------------------------
     0 | D:1      | sleepydude the Deep Dwarf Fighter began the quest for the Orb.
     0 | D:1      | Reached XP level 1. HP: 20/20 MP: 1/1
   569 | D:1      | Reached XP level 2. HP: 17/27 MP: 2/2
  1215 | D:2      | Reached XP level 3. HP: 19/34 MP: 3/3
  1375 | D:2      | Found an opulent altar of Gozag.
  1457 | D:2      | Reached XP level 4. HP: 27/42 MP: 4/4
  1861 | D:2      | Found a deep blue altar of Sif Muna.
  1862 | D:2      | Found a stormy altar of Qazlal.
  1894 | D:2      | Found an iron altar of Okawaru.
  1896 | D:2      | Found a burning altar of Makhleb.
  2017 | D:2      | Became a worshipper of Makhleb the Destroyer
  2074 | D:3      | Reached XP level 5. HP: 27/49 MP: 5/5
  2901 | D:3      | Reached * piety under Makhleb
  2996 | D:4      | Reached XP level 6. HP: 42/57 MP: 6/6
  3141 | D:4      | Reached skill level 5 in Shields
  3153 | D:4      | Got a crude scale mail
  3164 | D:4      | Identified the +3 scale mail of Refuge {Int+4} (You found it on level 4 of the Dungeon)
  3184 | D:4      | Found Deiverou's Weapon Shop.
  3266 | D:4      | Found Monotop's Distillery.
  3313 | D:4      | Reached skill level 5 in Armour
  3407 | D:4      | Found a staircase to the Ecumenical Temple.
  3508 | D:4      | Reached XP level 7. HP: 40/64 MP: 6/6
  3564 | D:4      | Found Hiatow's Assorted Antiques.
  3709 | D:4      | Found a blossoming altar of Fedhas.
  3914 | D:5      | Entered Level 5 of the Dungeon
  4032 | D:5      | Reached ** piety under Makhleb
  4321 | D:5      | Reached skill level 5 in Maces & Flails
  4535 | D:5      | Reached skill level 5 in Fighting
  4535 | D:5      | Reached XP level 8. HP: 27/74 MP: 7/7
  4565 | D:5      | Found an oddly glowing altar of Pakellas.
  5353 | D:6      | Found an opulent altar of Gozag.
  5353 | D:6      | Found a sparkling altar of Nemelex Xobeh.
  6439 | D:3      | Reached *** piety under Makhleb
  6576 | Temple   | Entered the Ecumenical Temple
  6810 | D:7      | Noticed Pikel
  6837 | D:7      | Killed Pikel
  6837 | D:7      | Gained mutation: You passively map the area around you. [Deep Dwarf growth]
  6837 | D:7      | Reached XP level 9. HP: 64/82 MP: 7/7
  7049 | D:7      | Noticed Joseph
  7080 | D:7      | Killed Joseph
  8057 | D:7      | Reached **** piety under Makhleb
  8208 | D:7      | Reached XP level 10. HP: 51/94 MP: 7/7
  8595 | D:7      | Noticed Crazy Yiuf
  8608 | D:7      | Killed Crazy Yiuf
  8695 | D:8      | Noticed a hill giant
  8717 | D:8      | Mangled by a hill giant

Skill      XL: |  1  2  3  4  5  6  7  8  9 |
---------------+----------------------------+-----
Fighting       | 3 4 5 6 7 |  7.2
Maces & Flails | 3 4 5 6 7 |  7.4
Armour         | 4 5 7 8 |  8.7
Shields        | 4 5 6 7 8 |  8.7

Action                   |  1- 3 |  4- 6 |  7- 9 | 10-12 || total
-------------------------+-------+-------+-------+-------++-------
Melee: Flail             |    61 |   209 |       |       ||   270
       Whip              |   106 |   150 |   852 |    65 ||  1173
Invok: Lesser Servant of |       |       |     1 |       ||     1
 Abil: Device Recharging |       |     1 |     2 |       ||     3
Evoke: Wand              |     1 |     4 |     9 |       ||    14
  Use: Scroll            |     4 |     4 |     5 |       ||    13
 Stab: Distracted        |       |     1 |       |       ||     1
  Eat: Chunk             |     2 |     7 |     8 |     3 ||    20
       Royal jelly       |       |       |     1 |       ||     1
       Fruit             |       |       |     1 |       ||     1
       Meat ration       |       |       |     1 |       ||     1
Armor: Scale mail        |    25 |       |       |       ||    25
       Plate armour      |    63 |   239 |   368 |     8 ||   678
Dodge: Dodged            |    26 |    62 |   106 |     7 ||   201
Block: Shield            |    80 |   246 |   501 |    26 ||   853
